 Seeded DCSS version 0.29-a0-284-gf9362112df (webtiles) character file.

Game seed: 20220324 (custom seed)

2727 croobank the Jinx (level 9, -6/51 HPs)
             Began as an Octopode Fire Elementalist on Mar 24, 2022.
             Was a Follower of Vehumet.
             Mangled by a steam dragon (9 damage)
             ... on level 8 of the Dungeon.
             The game lasted 00:24:47 (8074 turns).

croobank the Jinx (Octopode Fire Elementalist)      Turns: 8074, Time: 00:24:48

Health: -6/51      AC:  1    Str: 14    XL:     9   Next: 67%
Magic:  6/15       EV: 18    Int: 21    God:    Vehumet [*.....]
Gold:   369        SH:  0    Dex: 12    Spells: 2/16 levels left

rFire   . . .      SeeInvis .   d - +3 quarterstaff (chaos)
rCold   . . .      Faith    .   (shield currently unavailable)
rNeg    + . .      Spirit   .   (helmet restricted)
rPois   .          Reflect  .   i - amulet of magic regeneration
rElec   .          Harm     .   g - ring of positive energy
rCorr   +          Rampage  .   h - +4 ring of evasion
Will    .....                   m - ring of resist corrosion
Stlth   ++++......              u - +6 ring of strength
HPRegen 0.17/turn               (no ring)
MPRegen 0.54/turn               (no ring)
                                (no ring)
                                (no ring)

@: lethally poisoned (-6 -> -11)
A: almost no armour, amphibious, 8 rings, camouflage 1, gelatinous body 1,
(nimble swimmer 1), tentacles
a: Renounce Religion


You were on level 8 of the Dungeon.
You worshipped Vehumet.
Vehumet was aware of your devotion.
You visited 2 branches of the dungeon, and saw 9 of its levels.

You collected 369 gold pieces.

Inventory:

Hand Weapons
 b - a +0 arbalest
 d - a +3 quarterstaff of chaos (weapon)
 k - a +0 hunting sling
 v - a +1 dagger of speed
 C - a +0 long sword
 F - a +4 battleaxe
 G - a +4 short sword
 H - a +1 scimitar of distortion
Missiles
 n - 4 poisoned darts
 w - 90 stones
 x - 2 curare-tipped darts
Armour
 z - a +2 tower shield
Magical Staves
 y - a staff of death
 A - a staff of cold
Jewellery
 g - a ring of positive energy (left tentacle)
 h - a +4 ring of evasion (right tentacle)
 i - an amulet of magic regeneration (around mantle)
 m - a ring of resist corrosion (on tentacle)
 u - a +6 ring of strength (on tentacle)
Wands
 p - a wand of flame (17)
 s - a wand of charming (15)
 E - a wand of paralysis (10)
Scrolls
 a - a scroll of enchant armour
 e - 4 scrolls of teleportation
 l - a scroll of fog
 r - a scroll of blinking
 t - a scroll of immolation
 D - a scroll of vulnerability
Potions
 c - 3 potions of magic
 f - 3 potions of curing
 o - a potion of degeneration
 q - 4 potions of cancellation
 B - a potion of ambrosia
 I - a potion of attraction {unknown}


   Skills:
 - Level 4.4 Dodging
 - Level 6.3 Stealth
 - Level 4.0 Spellcasting
 - Level 3.9 Conjurations
 + Level 9.3 Hexes
 - Level 5.0 Fire Magic


You had 2 spell levels left.
You knew the following spells:

 Your Spells              Type           Power      Damage    Failure   Level
a - Foxfire               Conj/Fire      92%        2x1d8     1%          1
b - Scorch                Fire           50%        2d8       2%          2
c - Flame Wave            Conj/Fire      23%        2d7       19%         4
d - Enfeeble              Hex            21%        N/A       92%         7

Your spell library contained the following spells:

 Spells                   Type           Power      Damage    Failure   Level
 Magic Dart               Conj           80%        1d7       2%          1
 Call Imp                 Summ           4%         N/A       19%         2
 Sublimation of Blood     Necr           4%         N/A       19%         2
 Wereblood                Tmut           4%         N/A       19%         2
 Inner Flame              Hex/Fire       34%        N/A       1%          3
 Tukima's Dance           Hex            43%        N/A       1%          3
 Conjure Flame            Conj/Fire      23%        6-21      5%          3
 Anguish                  Hex/Necr       11%        N/A       17%         4
 Mephitic Cloud           Conj/Pois/Air  9%         N/A       21%         3
 Summon Hydra             Summ           2%         N/A       100%        7


Dungeon Overview and Level Annotations

Branches:
Dungeon (8/15)             Temple (1/1) D:5
   Lair: D:8-11

Altars:
Dithmenos
Fedhas
Kikubaaqudgha
Nemelex Xobeh
Okawaru
Ru
Sif Muna
Trog
Vehumet
Yredelemnul
The Shining One


Innate Abilities, Weirdness & Mutations

You cannot wear most types of armour.
You are amphibious.
You can wear up to eight rings at the same time.
Your skin changes colour to match your surroundings (Stealth+).
Your rubbery body absorbs attacks. (AC +1, EV +1)
((You are camouflaged when in or above water. (Stealth+)))
You have tentacles for arms and can constrict up to eight enemies at once.


Message History

The flame wave engulfs the steam dragon.
The steam dragon is lightly wounded.
You finish channelling waves of flame.
You feel very sick. The killer bee stings you. The killer bee misses you.
You feel better. The killer bee stings you!
You are poisoned.
The killer bee poisons you! The killer bee barely misses you.
You feel much better.
You feel very sick.
A bullfrog comes into view.
The killer bee stings you. The steam dragon breathes steam at you.
The ball of steam misses you. The killer bee completely misses you.
Casting: Flame Wave (quite dangerous; 19% risk of failure)
Confirm with . or Enter, or press ? or * to list all spells.
The spell is quite dangerous to miscast (19% risk of failure)!
Continue anyway?
Casting: Flame Wave (quite dangerous; 19% risk of failure)
Press: ? - help, Dir - look around, f - activate A wave of flame ripples out!
The flame wave engulfs the steam dragon.
The steam dragon is lightly wounded.
The flame wave engulfs the killer bee.
The killer bee is severely wounded. (Press . to intensify the flame waves.)
You are engulfed in a cloud of scalding steam.
You feel sick. The killer bee stings you.
The steam dragon breathes steam at you. The ball of steam hits you!!
* * * LOW HITPOINT WARNING * * *
The killer bee misses you.
A wave of flame ripples out!
The flame wave engulfs the steam dragon.
The steam dragon is moderately wounded.
The flame wave engulfs the killer bee.
You kill the killer bee!
Vehumet accepts your kill.
* * * LOW HITPOINT WARNING * * *
You feel sick. The steam dragon bites you!
You die...

#..#.................
#..#..##........#.#..
#....................
###...##..##.........
#...#.......#####..
##.......#.## .
#.......#.#
#(..D.§.#.#
#...†@§.####
#.#...§....#
#..........+
###..F..§..#
.......####
...........
...............
.......#..###.#
.......#.>. ..


You could see a steam dragon (catching breath) and a bullfrog.

Vanquished Creatures
  Sigmund (D:3)
  A steam dragon (D:7)
  An orc warrior (D:7)
  A sky beast (D:6)
  A centaur (D:4)
  2 kobold brigands (D:3)
  3 bullfrogs
  4 necrophages
  2 scorpions
  8 wights
  3 vampire bats (D:4)
  6 killer bees (D:8)
  4 howler monkeys
  4 hounds
  Crazy Yiuf (D:2)
  An orc priest (D:7)
  2 iguanas
  Ijyb (D:3)
  Natasha (twice) (D:3)
  An orc wizard (D:7)
  4 gnolls (D:6)
  9 adders
  A worm (D:2)
  A dart slug (D:4)
  8 orcs
  5 ball pythons
  6 endoplasms
  4 giant cockroaches
  7 goblins
  10 hobgoblins
  8 quokkas
  9 bats
  A frilled lizard (D:2)
  8 kobolds
  2 rats (D:1)
  A spectral orc (D:3)
133 creatures vanquished.

Vanquished Creatures (others)
  197 foxfires
197 creatures vanquished.

Grand Total: 330 creatures vanquished

Notes
Turn   | Place    | Note
-------+----------+-------------------------------------------
     0 | D:1      | croobank the Octopode Fire Elementalist began the quest for
                  | the Orb.
     0 | D:1      | Reached XP level 1. HP: 11/11 MP: 3/3
   252 | D:1      | Reached XP level 2. HP: 17/17 MP: 5/5
   257 | D:1      | Learned a level 2 spell: Scorch
   909 | D:2      | Found a runed translucent door.
   910 | D:2      | Noticed Crazy Yiuf
   957 | D:2      | Reached XP level 3. HP: 10/21 MP: 6/6
  1416 | D:2      | Found a faded altar of an unknown god.
  1745 | D:3      | Noticed a kobold brigand
  1774 | D:3      | Reached XP level 4. HP: 27/27 MP: 4/7
  1823 | D:3      | Noticed a kobold brigand
  2081 | D:4      | Reached XP level 5. HP: 31/31 MP: 5/9
  2304 | D:4      | Noticed a centaur
  2312 | D:4      | Learned a level 4 spell: Flame Wave
  2357 | D:4      | Reached XP level 6. HP: 36/36 MP: 8/10
  2449 | D:4      | Reached skill level 5 in Stealth
  2673 | D:4      | Reached XP level 7. HP: 35/41 MP: 5/12
  3013 | D:3      | Noticed Sigmund
  3018 | D:3      | Killed Sigmund
  3048 | D:3      | Noticed Natasha
  3055 | D:3      | Killed Natasha
  3079 | D:3      | Noticed Ijyb
  3092 | D:3      | Killed Ijyb
  3463 | D:3      | Noticed Natasha
  3466 | D:3      | Killed Natasha
  3676 | D:3      | Found a basalt altar of Yredelemnul.
  3792 | D:3      | Reached XP level 8. HP: 39/46 MP: 1/14
  4037 | D:2      | Killed Crazy Yiuf
  4382 | D:5      | Entered Level 5 of the Dungeon
  4432 | D:5      | Reached skill level 5 in Fire Magic
  4440 | D:5      | Learned a level 7 spell: Enfeeble
  4462 | D:5      | Found a staircase to the Ecumenical Temple.
  4472 | Temple   | Entered the Ecumenical Temple
  4553 | Temple   | Became a worshipper of Vehumet
  4802 | D:5      | Reached skill level 1 in Hexes
  4821 | D:5      | You fall into a shaft and drop 2 floors!
  4842 | D:7      | Reached skill level 2 in Hexes
  5225 | D:5      | Found an ancient bone altar of Kikubaaqudgha.
  5490 | D:5      | Reached skill level 3 in Hexes
  5788 | D:6      | Reached skill level 4 in Hexes
  5964 | D:6      | Reached skill level 5 in Hexes
  6315 | D:6      | Reached skill level 6 in Hexes
  6419 | D:6      | Reached XP level 9. HP: 51/51 MP: 11/15
  6782 | D:7      | Reached skill level 7 in Hexes
  7328 | D:7      | Reached * piety under Vehumet
  7328 | D:7      | Offered knowledge of Magic Dart by Vehumet.
  7329 | D:7      | Reached skill level 8 in Hexes
  8070 | D:8      | Reached skill level 9 in Hexes
  8074 | D:8      | Mangled by a steam dragon

Illustrated notes

Levels and vault maps discovered:
D:1:      dpeg_arrival_simpleton_b, layout_basic, minmay_misc_feat_five
D:2:      layout_rooms, ebering_ecumenical_altar_petrified,
          uniq_crazy_yiuf_cottage
D:3:      cheibrodos_thug_alley, layout_basic,
          yredelemnul_forgotten_temple_becter, serial_glass, glass_columns_c,
          glass_columns_b, item_on_display_a, minmay_strange_pillars,
          due_unseen_surprise, minmay_strange_pillars, uniq_ijyb, uniq_sigmund,
          uniq_natasha
D:4:      layout_loops_ring, grunt_ministairs_14, kennysheep_doodads,
          roderic_batcave
D:5:      layout_loops_corners, lemuel_zombie_altar_kikubaaqudgha,
          minmay_temple_entry_grid
D:6:      layout_loops_ring
D:7:      layout_gridville, enter_bailey_2, minivault_23
D:8:      layout_basic, grunt_temple_overflow_champion_of_chaos,
          erik_lair_orcish_takeover, serial_shops, shop, nzn_life_drinkers,
          uniq_prince_ribbit1
Temple:   dpeg_five_rooms_temple

Skill      XL: |  1  2  3  4  5  6  7  8  9 |
---------------+----------------------------+-----
Stealth        | 3 4 5 6 |  6.3
Conjurations   | 2 3 |  3.9
Dodging        | 3 4 |  4.4
Spellcasting   | 3 4 |  4.0
Fire Magic     | 4 5 |  5.0
Hexes          | 6 9 |  9.3

Action                   |  1- 3 |  4- 6 |  7- 9 || total
-------------------------+-------+-------+-------++-------
Melee: War axe           |    18 |    23 |    14 ||    55
       Constrict         |     5 |     6 |    11 ||    22
       Tentacles         |     2 |     5 |     9 ||    16
       Unarmed           |     1 |       |       ||     1
       Quarterstaff      |       |       |    32 ||    32
       Punch             |       |       |     1 ||     1
 Cast: Foxfire           |    41 |    18 |    52 ||   111
       Scorch            |     2 |    28 |   105 ||   135
       Flame Wave        |       |       |     2 ||     2
  Use: Scroll            |     2 |       |    13 ||    15
       Potion            |       |       |     4 ||     4
 Stab: Sleeping          |     4 |     2 |     3 ||     9
       Distracted        |       |       |     1 ||     1
       Paralysed         |       |       |     1 ||     1
Armor: Skin              |       |     7 |     2 ||     9
Dodge: Dodged            |    13 |    37 |   101 ||   151

Table legend: (Time is in decaauts)
 A = Elapsed time spent in this place.
 B = Non-inter-level travel time spent in this place.
 C = Inter-level travel time spent in this place.
 D = Time resting spent in this place.
 E = Time spent auto-exploring this place.
 F = Levels seen in this place.
 G = Mean time per level.
                   A        B        C        D        E       F      G
               +--------+--------+--------+--------+--------+-----+--------+
         Total |   8111 |   7738 |    373 |   1055 |   5395 |   9 |  901.2 |
       Dungeon |   7978 |   7656 |    322 |   1055 |   5325 |   8 |  997.2 |
        Temple |    132 |     81 |     51 |      0 |     70 |   1 |  132.0 |
               +--------+--------+--------+--------+--------+-----+--------+

Top non-repeatable levels by time:
     D:6: 1215 daAuts
     D:5: 1182 daAuts
     D:3: 1163 daAuts
     D:4: 1158 daAuts
     D:7: 1111 daAuts
     D:2: 1094 daAuts
     D:1: 987 daAuts
  Temple: 132 daAuts
     D:8: 65 daAuts
